 Dungeon Crawl Stone Soup version 0.14.0-7-g2801ba0 (webtiles) character file.

245 HungrySpirit the Chopper (level 4, 0/39 HPs)
             Began as a Minotaur Fighter on Apr 13, 2014.
             Slain by Menkaure (4 damage)
             ... on Level 4 of the Dungeon.
             The game lasted 00:05:19 (2541 turns).

HungrySpirit the Chopper (Minotaur Fighter)         Turns: 2541, Time: 00:05:22

HP   0/39        AC  8     Str 21      XL: 4   Next: 92%
MP   2/2         EV  6     Int  5      God:
Gold 113         SH 19     Dex 10      Spells:  0 memorised,  3 levels left

rFire  . . .     SeeInvis .     a - +0 war axe
rCold  . . .     Clarity  .     b - +0 scale mail
rNeg   . . .     Conserve .     c - +0 shield
rPois  .         rCorr    .     (helmet restricted)
rElec  .         rRot     .     o - +0 cloak
SustAb . .       Spirit   .     (no gloves)
rMut   .         Warding  .     (no boots)
Saprov . . .     Stasis   .     (no amulet)
MR     +....                    (no ring)
                                q - ring of protection from magic

@: somewhat resistant to hostile enchantments, extremely unstealthy
A: retaliatory headbutt, horns 2
a: no special abilities


You were on level 4 of the Dungeon.
You were not hungry.

You visited 1 branch of the dungeon, and saw 4 of its levels.

You collected 113 gold pieces.

Inventory:

Hand weapons
 a - a +0,+0 war axe (weapon)
Armour
 b - a +0 scale mail (worn)
 c - a +0 shield (worn)
 o - a +0 cloak (worn)
Comestibles
 d - a bread ration
 r - a meat ration
 t - a rotting chunk of quokka flesh
Scrolls
 f - a scroll of enchant weapon II {unknown}
 g - 3 scrolls of immolation {unknown}
 i - 2 scrolls of identify
 l - 2 scrolls of remove curse {unknown}
Jewellery
 q - a ring of protection from magic (left hand)
Potions
 e - a potion of might
 h - 3 potions of curing {unknown}
 j - 2 potions of mutation {unknown}
 k - a potion of beneficial mutation {unknown}
 m - 3 potions of haste {unknown}
 n - a potion of paralysis {unknown}
 s - a potion of poison {unknown}


   Skills:
 - Level 3.6 Fighting
 + Level 6.2 Axes
 - Level 3.6 Armour
 - Level 3.6 Shields


You had 3 spell levels left.
You didn't know any spells.

Dungeon Overview and Level Annotations

Branches:
Dungeon (4/15)
 Temple: D:4-7

Altars:
Nemelex Xobeh
The Shining One

Annotations:
D:4 Menkaure


Innate Abilities, Weirdness & Mutations

You reflexively headbutt those who attack you in melee.
You have a pair of horns on your head.


Message History

You block the orc's attack.
You slash the orc!
You kill the orc!
Menkaure blazes with dark energy!
Menkaure points at you and mumbles some strange words.
You resist.
You hear the slow rusting of a drain, a long way away.
Menkaure gestures wildly while chanting.
Menkaure seems to speed up.
Menkaure hits you.
You hit Menkaure.
Menkaure is moderately damaged.
Menkaure hits you! You block Menkaure's attack.
You hit Menkaure.
You headbutt Menkaure, but do no damage.
Menkaure is heavily damaged.
Menkaure hits you!
* * * LOW HITPOINT WARNING * * *
Menkaure hits you.
You die...

#..........%.........#
#.######.#########...#
#.# #.# #...# #.# #.#
#...# #.# #.#
#...#######. #.#
###.#########...........
...
............#...........
.
......(......#.######....
.......M@......# ###
...............#
..............#
..............#
..............#
..........?..#
............#
............ .......#


You could see Menkaure.

Vanquished Creatures
  An orc wizard (D:3)
  4 adders (D:2)
  A giant gecko (D:2)
  5 orcs
  2 ball pythons (D:2)
  6 bats
  4 giant cockroaches
  10 goblins
  8 hobgoblins
  5 kobolds
  3 quokkas
  3 giant newts
  3 rats
55 creatures vanquished.

Notes
Turn   | Place    | Note
--------------------------------------------------------------
     0 | D:1      | HungrySpirit, the Minotaur Fighter, began the quest for the Orb.
     0 | D:1      | Reached XP level 1. HP: 19/19 MP: 1/1
   122 | D:1      | Reached XP level 2. HP: 26/26 MP: 1/1
   352 | D:1      | Found a sparkling altar of Nemelex Xobeh.
   617 | D:2      | Reached skill level 4 in Axes
   661 | D:2      | Reached XP level 3. HP: 28/31 MP: 2/2
   936 | D:2      | Reached skill level 5 in Axes
  1313 | D:2      | Reached XP level 4. HP: 39/39 MP: 2/2
  1877 | D:3      | Reached skill level 6 in Axes
  2333 | D:3      | Found a glowing golden altar of the Shining One.
  2534 | D:4      | Noticed Menkaure
  2541 | D:4      | Slain by Menkaure

Action                   |  1- 3 |  4- 6 || total
-------------------------+-------+-------++-------
Melee: War axe           |    77 |    68 ||   145
  Use: Scroll            |       |     1 ||     1
